AoeStats
← kabotajoe

Arabia

509916224Analyzed
1v1 RM · 3d ago on Sep 28, 2026· 30m 47s· 2 players
Game mode
Random Map
Map size
Tiny (2 player)
Population
200
Speed
Normal
Resources
Standard
Victory
Conquest
Starting age
Dark Age
Ending age
Imperial Age
RankedLock teamsTeams togetherTeam positionsShared explorationLock speedFull tech treeHidden civsTurbo modeCheats
Victory
Defeat
🇦🇷 Huns · Argentina
1021
+14
🇩🇪 Khmer · Germany
984
-14
kabotajoe
6:47 Loom
7:06 Loom
9:33 Feudal Age
9:54 Horse Collar
15:59 Wheelbarrow
16:03 Forging
20:18 Castle Age
20:30 Bloodlines
20:50 Scale Barding Armor
21:21 Husbandry
20:42 Light Cavalry
22:41 Chain Barding Armor
24:59 Double-Bit Axe
26:20 Pikeman
32:02 Imperial Age
30:14 Gold Mining
SHAKA
7:01 Loom
10:11 Feudal Age
13:10 Double-Bit Axe
13:38 Horse Collar
16:37 Forging
18:28 Scale Barding Armor
20:56 Wheelbarrow
20:08 Town Watch
20:46 Bloodlines
22:12 Gold Mining
26:05 Castle Age
24:50 Scale Mail Armor
24:42 Fletching
27:24 Pikeman
28:13 Husbandry
30:16 Chain Barding Armor
Connection lost

Rejoining the realm…

Still unreachable

The connection could not be restored.

Session expired

The server has moved on; the page needs a fresh start.